 Dungeon Crawl Stone Soup version 0.28-a0-1555-g9ae15a6949 (webtiles) character file.

Game seed: 14122454681231642699

1056 hashsling the Magician (level 8, -6/41 HPs)
             Began as a Deep Elf Hedge Wizard on Jan 18, 2022.
             Mangled by a vampire (14 damage)
             ... on level 5 of the Dungeon.
             The game lasted 00:43:07 (8892 turns).

hashsling the Magician (Deep Elf Hedge Wizard)      Turns: 8892, Time: 00:43:08

Health: -6/41      AC:  3    Str:  7    XL:     8   Next: 6%
Magic:  10/19      EV: 14    Int: 22    God:
Gold:   291        SH:  0    Dex: 14    Spells: 9/19 levels left

rFire   . . .      SeeInvis .   q - staff of poison
rCold   . . .      Faith    .   (no shield)
rNeg    . . .      Spirit   .   b - +0 robe
rPois   +          Reflect  .   (helmet currently unavailable)
rElec   .          Harm     .   (no cloak)
rCorr   .          Rampage  .   c - +0 pair of gloves
Will    .....                   (boots currently unavailable)
Stlth   ++........              (no amulet)
HPRegen 0.13/turn               (no ring)
MPRegen 0.16/turn               (no ring)

@: appendages (expiring), very slightly contaminated
A: horns 2, talons 2
a: End Transformation


You were on level 5 of the Dungeon.
You had temporarily grown beastly horns and talons.
You visited 1 branch of the dungeon, and saw 5 of its levels.

You collected 291 gold pieces.

Inventory:

Hand Weapons
 l - a +0 morningstar of protection
Missiles
 j - 74 arrows
Armour
 b - a +0 robe (worn)
 c - a +0 pair of gloves (worn)
 n - a +0 helmet (melded)
 v - a +0 crystal plate armour
Magical Staves
 q - a staff of poison (weapon)
Wands
 t - a wand of iceblast (6)
Scrolls
 a - a scroll of blinking
 e - a scroll of fear {unknown}
 g - a scroll of enchant armour {unknown}
 h - a scroll of holy word {unknown}
 k - 4 scrolls of identify {unknown}
 s - a scroll of noise {unknown}
 u - 2 scrolls of amnesia {unknown}
 x - a scroll of summoning {unknown}
Potions
 d - 5 potions of attraction {unknown}
 f - a potion of brilliance {unknown}
 i - a potion of mutation {unknown}
 m - a potion of cancellation {unknown}
 o - a potion of curing {unknown}
 p - 2 potions of resistance {unknown}
 r - a potion of might {unknown}
 w - a potion of flight {unknown}


   Skills:
 * Level 3.1 Staves
 + Level 6.0 Dodging
 - Level 3.0 Stealth
 - Level 6.0 Spellcasting
 + Level 5.1 Conjurations
 - Level 1.1 Summonings
 - Level 2.0 Translocations
 - Level 1.0 Transmutations
 + Level 4.1 Poison Magic


You had 9 spell levels left.
You knew the following spells:

 Your Spells              Type           Power      Damage    Failure   Level
a - Magic Dart            Conj           100%       1d8       1%          1
b - Blink                 Tloc           30%        N/A       6%          2
c - Mephitic Cloud        Conj/Pois/Air  30%        N/A       8%          3
d - Beastly Appendage     Tmut           22%        N/A       6%          1
e - Spider Form           Tmut/Pois      26%        N/A       10%         3

Your spell library contained the following spells:

 Spells                   Type           Power      Damage    Failure   Level
 Slow                     Hex            24%        N/A       9%          1
 Call Imp                 Summ           11%        N/A       9%          2
 Wereblood                Tmut           11%        N/A       9%          2
 Conjure Flame            Conj/Fire      18%        6-21      10%         3
 Corpse Rot               Necr/Air       12%        N/A       14%         2
 Dispel Undead            Necr           6%         3d8       65%         4
 Death Channel            Necr           3%         N/A       100%        6


Dungeon Overview and Level Annotations

Branches:
Dungeon (5/15)
 Temple: D:4-7

Altars:
Vehumet
The Shining One

Shops:
D:1 [

Annotations:
D:5 4 runed translucent doors


Innate Abilities, Weirdness & Mutations

You have temporarily grown beastly horns and talons.


Message History

You feel less confused. The vampire barely misses you.
The vampire bites you but does no damage.
Casting: Blink (safe; 6% risk of failure)
Confirm with . or Enter, or press ? or * to list all spells.
You blink.
Casting: Blink (safe; 6% risk of failure)
Confirm with . or Enter, or press ? or * to list all spells.
Okay, then.
Hit: q) staff of poison
Press: ? - help, Dir - move target, f - you
Okay, then.
Aiming: Iceblast
Press: ? - help, Shift-Dir - straight line, f - vampire
Aim: a vampire The mass of ice explodes!
The iceblast engulfs the vampire!
The vampire partially resists.
The vampire is moderately damaged.
Unknown command.
Okay, then.
Casting: Blink (safe; 6% risk of failure)
Confirm with . or Enter, or press ? or * to list all spells.
You miscast Beastly Appendage.
You are very lightly contaminated with residual magic.
Nothing appears to happen.
The vampire closely misses you. The vampire barely misses you.
Casting: Beastly Appendage (safe; 6% risk of failure)
Confirm with . or Enter, or press ? or * to list all spells.
You grow a pair of large bovine horns.
Your feet morph into talons.
Your +0 helmet melds into your body.
You feel stable enough to blink again. The vampire hits you!
* * * LOW HITPOINT WARNING * * *
The vampire closely misses you.
You hit the vampire but do no damage. Your kick misses the vampire.
Your headbutt misses the vampire. You punch the vampire.
The vampire is moderately damaged.
Your transformation is almost over.
The vampire hits you!
You die...

#..## #8....8#...
#...# #(....|#...
#...###### #|....)#...
#..##...}# #8....8#...
##.#..#######8Y.8##...
#.#.##.#.'.##++##....
#.#)# #).#...........
#.#.####.#......#...#
#.##@V..##...#..###.#
#..######....##..##.#
##........#..#.......
#.##.####...#.####..
#....# #.......#...
#.#### ##....#......
#.# #......#.....
#.#######...........
#..............##...


You could see a vampire.

Vanquished Creatures
  Sigmund (D:4)
  2 water moccasins (D:5)
  An orc warrior (D:5)
  An ice beast (D:3)
  A hound (D:5)
  An orc priest (D:4)
  2 iguanas (D:4)
  4 orc wizards
  Natasha (D:2)
  A scorpion zombie (D:5)
  Robin (D:2)
  2 gnolls (D:3)
  8 adders
  2 ufetubi
  3 worms (D:2)
  10 orcs
  11 ball pythons
  7 endoplasms
  5 giant cockroaches
  13 goblins
  9 hobgoblins
  4 jackals (D:3)
  10 kobolds
  4 quokkas
  5 bats
  7 frilled lizards
  3 rats
119 creatures vanquished.

Notes
Turn   | Place    | Note
-------+----------+-------------------------------------------
     0 | D:1      | hashsling the Deep Elf Hedge Wizard began the quest for the
                  | Orb.
     0 | D:1      | Reached XP level 1. HP: 10/10 MP: 7/7
   318 | D:1      | Reached XP level 2. HP: 15/15 MP: 7/9
   321 | D:1      | Learned a level 2 spell: Blink
   398 | D:1      | Found Muenurih's Antique Armour Shoppe.
  1220 | D:2      | Reached XP level 3. HP: 16/19 MP: 1/11
  1300 | D:2      | Reached skill level 5 in Spellcasting
  1706 | D:2      | Noticed Robin
  1782 | D:2      | Found a faded altar of an unknown god.
  2395 | D:3      | Noticed an ice beast
  2425 | D:3      | Reached XP level 4. HP: 18/24 MP: 10/13
  2774 | D:3      | Learned a level 3 spell: Mephitic Cloud
  3057 | D:2      | Noticed Natasha
  3254 | D:2      | Killed Natasha
  3439 | D:2      | Killed Robin
  3831 | D:3      | Found a glowing golden altar of the Shining One.
  4388 | D:3      | Reached XP level 5. HP: 16/28 MP: 4/15
  4719 | D:3      | Reached skill level 1 in Poison Magic
  5189 | D:3      | Killed an ice beast
  5386 | D:3      | Reached XP level 6. HP: 24/32 MP: 10/17
  5390 | D:3      | Learned a level 1 spell: Beastly Appendage
  5566 | D:3      | Learned a level 3 spell: Spider Form
  6593 | D:4      | Noticed Sigmund
  6666 | D:4      | Killed Sigmund
  6667 | D:4      | Reached skill level 5 in Dodging
  6667 | D:4      | Reached skill level 1 in Transmutations
  6667 | D:4      | Reached XP level 7. HP: 36/36 MP: 7/18
  7396 | D:4      | Reached skill level 1 in Staves
  7601 | D:4      | Noticed a yak
  7850 | D:5      | Entered Level 5 of the Dungeon
  8347 | D:5      | Reached skill level 5 in Conjurations
  8541 | D:5      | Reached XP level 8. HP: 22/41 MP: 4/19
  8686 | D:5      | Found a radiant altar of Vehumet.
  8757 | D:5      | Found a large runed translucent door.
  8757 | D:5      | Found a large runed translucent door.
  8762 | D:5      | Noticed a troll
  8847 | D:5      | Found a large runed translucent door.
  8847 | D:5      | Found a large runed translucent door.
  8892 | D:5      | Mangled by a vampire

Illustrated notes

Levels and vault maps discovered:
D:1:      saegor_arrival_simple_c, layout_basic, serial_shops, shop
D:2:      layout_basic, shapermc_ecumenical_altar_mp_highgroup, uniq_robin,
          uniq_natasha
D:3:      minmay_razor_zed, layout_loops_cross, amcnicky_altar_gilded
D:4:      layout_gridville, minmay_small_thing, uniq_sigmund
D:5:      layout_cave_pools, nicolae_vehumet_altar_sigil,
          small_statue_intersection, kennysheep_nondescript,
          minmay_hollow_rounded_squares

Skill      XL: |  1  2  3  4  5  6  7 |
---------------+----------------------+-----
Stealth        | 3 |  3.0
Spellcasting   | 5 6 |  6.0
Dodging        | 3 4 5 6 |  6.0
Conjurations   | 2 3 4 5 |  5.1
Translocations | 2 |  2.0
Poison Magic   | 1 2 4 |  4.1
Transmutations | 1 |  1.0
Staves         | 3 |  3.1
Summonings     | |  1.1

Action                   |  1- 3 |  4- 6 |  7- 9 || total
-------------------------+-------+-------+-------++-------
Melee: Short sword       |    32 |     6 |       ||    38
       Club              |     4 |       |       ||     4
       War axe           |       |    32 |       ||    32
       Staff             |       |    14 |    31 ||    45
       Punch             |       |       |     2 ||     2
 Cast: Magic Dart        |   114 |   171 |   112 ||   397
       Blink             |     2 |    11 |    12 ||    25
       Mephitic Cloud    |       |     7 |     4 ||    11
       Beastly Appendage |       |       |     2 ||     2
Evoke: Wand              |       |       |     2 ||     2
  Use: Scroll            |     2 |     1 |     1 ||     4
 Stab: Sleeping          |     2 |     1 |     1 ||     4
       Distracted        |       |     1 |       ||     1
       Confused          |       |     1 |       ||     1
Armor: Robe              |    17 |    27 |    10 ||    54
Dodge: Dodged            |    42 |    94 |    32 ||   168

Table legend: (Time is in decaauts)
 A = Elapsed time spent in this place.
 B = Non-inter-level travel time spent in this place.
 C = Inter-level travel time spent in this place.
 D = Time resting spent in this place.
 E = Time spent auto-exploring this place.
 F = Levels seen in this place.
 G = Mean time per level.
                   A        B        C        D        E       F      G
               +--------+--------+--------+--------+--------+-----+--------+
         Total |   8933 |   8659 |    274 |   1653 |   4534 |   5 | 1786.6 |
       Dungeon |   8933 |   8659 |    274 |   1653 |   4534 |   5 | 1786.6 |
               +--------+--------+--------+--------+--------+-----+--------+

Top non-repeatable levels by time:
     D:3: 3313 daAuts
     D:2: 2096 daAuts
     D:1: 1324 daAuts
     D:4: 1215 daAuts
     D:5: 982 daAuts
